 Dungeon Crawl Stone Soup version 0.29-a0-40-g8eb35efe60 (webtiles) character file.

Game seed: 12069269228419506509

175 GrayStillPlays the Conjurer (level 5, -2/32 HPs)
             Began as an Octopode Conjurer on Feb 1, 2022.
             Killed from afar by an orc wizard (12 damage)
             ... with a puff of flame
             ... on level 3 of the Dungeon on Feb 4, 2022.
             The game lasted 00:07:53 (3619 turns).

GrayStillPlays the Conjurer (Octopode Conjurer)     Turns: 3619, Time: 00:07:56

Health: -2/32      AC:  1    Str:  6    XL:     5   Next: 55%
Magic:  1/9        EV: 13    Int: 22    God:
Gold:   91         SH:  0    Dex: 11    Spells: 7/10 levels left

rFire   . . .      SeeInvis .   h - +1 hand axe (venom)
rCold   . . .      Faith    .   (no shield)
rNeg    . . .      Spirit   .   (helmet restricted)
rPois   .          Reflect  .   (no amulet)
rElec   .          Harm     .   (no ring)
rCorr   .          Rampage  .   (no ring)
Will    .....                   (no ring)
Stlth   +++.......              (no ring)
HPRegen 0.10/turn               (no ring)
MPRegen 0.11/turn               (no ring)
                                (no ring)
                                (no ring)

@: lethally poisoned (-2 -> -9)
A: almost no armour, amphibious, 8 rings, camouflage 1, gelatinous body 1,
(nimble swimmer 1), tentacles
a: no special abilities


You were on level 3 of the Dungeon.
You visited 1 branch of the dungeon, and saw 3 of its levels.

You collected 91 gold pieces.

Inventory:

Hand Weapons
 h - a +1 hand axe of venom (weapon)
Missiles
 a - 7 poisoned darts
Scrolls
 f - a scroll of identify {unknown}
 i - a scroll of magic mapping {unknown}
 j - a scroll of vulnerability {unknown}
Potions
 b - a potion of lignification {unknown}
 c - a potion of degeneration {unknown}
 d - 2 potions of magic {unknown}
 g - a potion of attraction {unknown}


   Skills:
 + Level 0.6 Fighting
 + Level 3.2 Dodging
 - Level 4.4 Stealth
 + Level 3.0 Spellcasting
 + Level 4.7 Conjurations


You had 7 spell levels left.
You knew the following spells:

 Your Spells              Type           Power      Damage    Failure   Level
a - Magic Dart            Conj           96%        1d7       1%          1
b - Searing Ray           Conj           48%        2d6       2%          2

Your spell library contained the following spells:

 Spells                   Type           Power      Damage    Failure   Level
 Dazzling Flash           Conj/Hex       26%        N/A       14%         3
 Fulminant Prism          Conj/Hex       6%         3d7       43%         4
 Iskenderun's Mystic Bla  Conj/Tloc      13%        2d5       43%         4


Dungeon Overview and Level Annotations

Branches:
Dungeon (3/15)

Altars:


Innate Abilities, Weirdness & Mutations

You cannot wear most types of armour.
You are amphibious.
You can wear up to eight rings at the same time.
Your skin changes colour to match your surroundings (Stealth+).
Your rubbery body absorbs attacks. (AC +1, EV +1)
((You are camouflaged when in or above water. (Stealth+)))
You have tentacles for arms and can constrict up to eight enemies at once.


Message History

You are more confused.
You're too confused to move!
Something hits you.
You barely miss something. Something barely misses you.
Something completely misses you.
You bump into the rock wall.
An orc wizard appears from thin air!
Reactivating autopickup.
The orc wizard hits you with a +0 dagger.
You're too confused to cast spells.
You bump into the rock wall.
The orc wizard barely misses you.
You bump into the rock wall.
The orc wizard hits you with a +0 dagger.
A scorpion comes into view.
You feel less confused.
The searing ray misses the orc wizard. (Press . to maintain the ray.)
The orc wizard closely misses you.
The searing ray hits the orc wizard.
The orc wizard is moderately wounded.
The orc wizard hits you with a +0 dagger.
There are no items here.
The searing ray hits the orc wizard.
The orc wizard is heavily wounded.
The orc wizard barely misses you.
The searing ray hits the orc wizard.
The orc wizard is heavily wounded.
You finish channelling your searing ray.
The orc wizard hits you with a +0 dagger.
The scorpion misses you. The scorpion barely misses you.
The orc wizard hits you with a +0 dagger.
You are too injured to fight recklessly!
As you read the scroll labelled LAT BEIFFA, it crumbles to dust.
It is a scroll of enchant weapon.
Your +0 hand axe of venom glows red for a moment.
The scorpion stings you.
You are poisoned.
The scorpion poisons you! The orc wizard casts a spell at you.
The puff of flame hits you!
You die...

### # ..# ###. #.# ####
.....##.###.# #.. #....s...# #.#
#@# #.# #o# #.# ##.## ####.#####
##+## #...# ##........# ##...##
###...####.......#.# ##.....##
#.......##...#.#.#.# ##.......##
#.......##.†..#....#
#.........###.......##...###...##
+.........'.........))....#......


You could see a scorpion and an orc wizard.

Vanquished Creatures
  Natasha (thrice) (D:3)
  An orc wizard (D:3)
  2 adders (D:2)
  A worm (D:2)
  6 orcs
  6 ball pythons
  5 endoplasms
  2 giant cockroaches
  8 goblins
  4 hobgoblins
  2 bats (D:2)
  A frilled lizard (D:2)
  A kobold (D:2)
  6 rats
48 creatures vanquished.

Notes
Turn   | Place    | Note
-------+----------+-------------------------------------------
     0 | D:1      | GrayStillPlays the Octopode Conjurer began the quest for
                  | the Orb.
     0 | D:1      | Reached XP level 1. HP: 11/11 MP: 3/3
   176 | D:1      | Found a faded altar of an unknown god.
   844 | D:1      | Reached XP level 2. HP: 17/17 MP: 1/5
  1494 | D:2      | Learned a level 2 spell: Searing Ray
  1603 | D:2      | Reached XP level 3. HP: 21/21 MP: 1/6
  2602 | D:2      | Reached XP level 4. HP: 27/27 MP: 4/7
  2807 | D:3      | Noticed Natasha
  2817 | D:3      | Killed Natasha
  2838 | D:3      | Noticed Natasha
  3133 | D:3      | Killed Natasha
  3272 | D:3      | Noticed Natasha
  3280 | D:3      | Killed Natasha
  3281 | D:3      | Reached XP level 5. HP: 31/31 MP: 5/9
  3619 | D:3      | Killed from afar by an orc wizard

Illustrated notes

Levels and vault maps discovered:
D:1:      dpeg_arrival_tiny_c, layout_loops_ring,
          shapermc_ecumenical_altar_hornbeckon, st_stairs_10
D:2:      layout_loops_ring, st_stairs_8, chequers_serial_rivers_large_b,
          grunt_decor_junction
D:3:      layout_loops_corners, yredelemnul_forgotten_temple_becter,
          gammafunk_temple_overflow_pools, kennysheep_doodads,
          kennysheep_generic_room_15, uniq_jessica, uniq_natasha

Skill      XL: |  1  2  3  4  5 |
---------------+----------------+-----
Stealth        | 3 4 |  4.4
Dodging        | 3 |  3.2
Spellcasting   | 3 |  3.0
Fighting       | |  0.6
Conjurations   | |  4.7

Action                   |  1- 3 |  4- 6 || total
-------------------------+-------+-------++-------
Melee: Unarmed           |     1 |       ||     1
       Hand axe          |       |     3 ||     3
       Constrict         |       |     1 ||     1
       Tentacles         |       |     1 ||     1
 Cast: Magic Dart        |    36 |       ||    36
       Searing Ray       |    20 |    13 ||    33
  Use: Scroll            |       |     1 ||     1
Armor: Skin              |       |     2 ||     2
Dodge: Dodged            |    17 |    12 ||    29

Table legend: (Time is in decaauts)
 A = Elapsed time spent in this place.
 B = Non-inter-level travel time spent in this place.
 C = Inter-level travel time spent in this place.
 D = Time resting spent in this place.
 E = Time spent auto-exploring this place.
 F = Levels seen in this place.
 G = Mean time per level.
                   A        B        C        D        E       F      G
               +--------+--------+--------+--------+--------+-----+--------+
         Total |   3620 |   3578 |     42 |    943 |   2105 |   3 | 1206.7 |
       Dungeon |   3620 |   3578 |     42 |    943 |   2105 |   3 | 1206.7 |
               +--------+--------+--------+--------+--------+-----+--------+

Top non-repeatable levels by time:
     D:2: 1654 daAuts
     D:1: 1419 daAuts
     D:3: 547 daAuts
